 Dungeon Crawl Stone Soup version 0.29-a0-82-g837932c90e (webtiles) character file.

Game seed: 15917540111134094596

74 HallandMoats the Skirmisher (level 4, -4/40 HPs)
             Began as a Ghoul Monk on Feb 5, 2022.
             Slain by a gnoll (7 damage)
             ... on level 1 of the Dungeon.
             The game lasted 00:02:07 (2198 turns).

HallandMoats the Skirmisher (Ghoul Monk)            Turns: 2198, Time: 00:02:07

Health: -4/40      AC:  2    Str: 14    XL:     4   Next: 30%
Magic:  3/3        EV: 13    Int:  5    God:
Gold:   37         SH:  0    Dex: 13    Spells: 3/3 levels left

rFire   . . .      SeeInvis .   a - +0 hand axe
rCold   + . .      Faith    .   (no shield)
rNeg    + + +      Spirit   .   b - +0 robe
rPois   ∞          Reflect  .   (no helmet)
rElec   .          Harm     .   (no cloak)
rCorr   .          Rampage  .   (no gloves)
Will    .....                   (no boots)
Stlth   ++........              (no amulet)
HPRegen 0.00/turn               (no ring)
MPRegen 0.08/turn               (no ring)

@: inhibited regen
A: claws 1, cold resistance 1, negative energy resistance 3, inhibited
regeneration, torment resistance 2
a: no special abilities


You were on level 1 of the Dungeon.
You visited 1 branch of the dungeon, and saw 2 of its levels.

You collected 37 gold pieces.

Inventory:

Hand Weapons
 a - a +0 hand axe (weapon)
Armour
 b - a +0 robe (worn)
Jewellery
 h - a ring of ice
Scrolls
 c - a scroll of fog {unknown}
 d - a scroll of enchant weapon {unknown}
 g - a scroll of amnesia {unknown}
Potions
 e - a potion of degeneration {unknown}
 f - a potion of magic {unknown}


   Skills:
 + Level 3.6 Fighting
 * Level 3.2 Axes
 * Level 1.5 Armour
 * Level 3.4 Dodging
 - Level 2.1 Stealth


You had 3 spell levels left.
You didn't know any spells.
Your spell library was empty.

Dungeon Overview and Level Annotations

Branches:
Dungeon (2/15)

Altars:
Vehumet


Innate Abilities, Weirdness & Mutations

You thrive by killing the living.
You are immune to poison.
You have sharp fingernails.
Your flesh is cold resistant. (rC+)
You are immune to negative energy. (rN+++)
You do not regenerate when monsters are visible.
You are immune to unholy pain and torment.


Message History

You are too injured to fight recklessly!
You are too injured to fight recklessly!
You are too injured to fight recklessly!
You are too injured to fight recklessly!
You barely miss the gnoll.
The gnoll is moderately wounded.
The gnoll closely misses you.
You barely miss the gnoll.
The gnoll is moderately wounded.
The gnoll hits you with a +0 club!
* * * LOW HITPOINT WARNING * * *
The gnoll closely misses you.
You closely miss the gnoll.
The gnoll is lightly wounded.
The gnoll hits you with a +0 club.
* * * LOW HITPOINT WARNING * * *
You hit the gnoll but do no damage.
The gnoll is lightly wounded.
The gnoll misses you.
You barely miss the gnoll.
The gnoll is lightly wounded.
The gnoll closely misses you.
You hit the gnoll but do no damage.
The gnoll is lightly wounded.
The gnoll barely misses you.
You closely miss the gnoll.
The gnoll is lightly wounded.
The gnoll hits you with a +0 club.
* * * LOW HITPOINT WARNING * * *
You hit the gnoll.
The gnoll is moderately wounded.
The gnoll barely misses you.
You hit the gnoll.
The gnoll is severely wounded.
The gnoll barely misses you. The gnoll hits you with a +0 club.
* * * LOW HITPOINT WARNING * * *
You hit the gnoll.
The gnoll is severely wounded.
The gnoll hits you with a +0 club!
You die...

#.##..# #.....# #......# .PP≈≈.#
#....P# #.#.##.#
.≈≈≈P.#####.P≈≈P# #.#.##.#
.PPP≈.......P≈≈P# #.#.##.#
#P≈P≈PP.####P≈♣P# #.#.##.#
##PP♣≈≈..###≈≈P≈# #.#.##.#
#PP≈≈≈≈.##≈.≈≈P###......#
#..P≈≈)..P.≈≈P≈.####.####
#.≈P♣≈PPPPP♣♣Pg@## #.#.##
##..PP♣PPPP≈♣≈.≈..###....########
....PP≈♣♣P♣♣≈≈....÷..............
.....P≈≈≈♣≈♣≈PP...###)...########
....#..≈♣♣≈♣PP...## #.#.###### #.
....##.≈≈≈≈≈P≈..## #........# #.
...###≈P≈≈≈P...## #.######.# #.
.### #P≈P≈P≈P'## #.# #.# #. .#
##≈PP≈P#.# #.######.# #.


You could see a gnoll.

Vanquished Creatures
  A gnoll (D:2)
  3 adders
  A dart slug (D:1)
  3 endoplasms (D:1)
  5 goblins (D:1)
  5 hobgoblins
  6 kobolds
  4 ball pythons (D:1)
  5 bats
  A frilled lizard (D:1)
  2 rats (D:1)
36 creatures vanquished.

Vanquished Creatures (others)
  9 plants
9 creatures vanquished.

Grand Total: 45 creatures vanquished

Notes
Turn   | Place    | Note
-------+----------+-------------------------------------------
     0 | D:1      | HallandMoats the Ghoul Monk began the quest for the Orb.
     0 | D:1      | Reached XP level 1. HP: 19/19 MP: 0/0
   332 | D:1      | Reached XP level 2. HP: 21/26 MP: 1/1
   957 | D:1      | Found a radiant altar of Vehumet.
   969 | D:1      | Reached skill level 1 in Armour
  1073 | D:1      | Reached XP level 3. HP: 31/31 MP: 2/2
  1986 | D:2      | Reached XP level 4. HP: 26/39 MP: 3/3
  2198 | D:1      | Slain by a gnoll

Illustrated notes

Levels and vault maps discovered:
D:1:      wander_arrival_desolate, layout_loops_corners, columned_hall_lemuel,
          serial_bayou_lagoon_a, minmay_hexomino_r4
D:2:      layout_basic, basic_ecumenical_altar, nicolae_grassy_gnolls

Skill      XL: |  1  2 |
---------------+-------+-----
Axes           | 3 |  3.2
Dodging        | 3 |  3.4
Armour         | 1 |  1.5
Fighting       | |  3.6
Stealth        | |  2.1

Action                   |  1- 3 |  4- 6 || total
-------------------------+-------+-------++-------
Melee: Hand axe          |   125 |    22 ||   147
       Punch             |     1 |     1 ||     2
 Stab: Sleeping          |     2 |       ||     2
Armor: Robe              |    29 |       ||    29
Dodge: Dodged            |   123 |    15 ||   138

Table legend: (Time is in decaauts)
 A = Elapsed time spent in this place.
 B = Non-inter-level travel time spent in this place.
 C = Inter-level travel time spent in this place.
 D = Time resting spent in this place.
 E = Time spent auto-exploring this place.
 F = Levels seen in this place.
 G = Mean time per level.
                   A        B        C        D        E       F      G
               +--------+--------+--------+--------+--------+-----+--------+
         Total |   2230 |   2213 |     17 |    477 |   1372 |   2 | 1115.0 |
       Dungeon |   2230 |   2213 |     17 |    477 |   1372 |   2 | 1115.0 |
               +--------+--------+--------+--------+--------+-----+--------+

Top non-repeatable levels by time:
     D:1: 2120 daAuts
     D:2: 110 daAuts
